 Dungeon Sprint DCSS version 0.21.1-1-g345015f (webtiles) character file.

14773 Fang the Severer (level 12, -12/91 HPs)
             Began as a Gargoyle Berserker on June 27, 2018.
             Was a High Priest of Trog.
             Killed from afar by Margery (46 damage)
             ... with a bolt of fire
             ... in the Dungeon (Sprint VII: "The Pits").
             The game lasted 00:10:16 (3391 turns).

Fang the Severer (Gargoyle Berserker)               Turns: 3391, Time: 00:10:16

Health: -12/91     AC: 26    Str: 24    XL:     12   Next: 20%
Magic:  10/12      EV: 17    Int: 10    God:    Trog [*****.]
Gold:   27         SH:  0    Dex:  9    Spells: 11/11 levels left

rFire    . . .     SeeInvis .   D - +6 battleaxe (flame)
rCold    . . .     Gourm    .   (shield currently unavailable)
rNeg     + . .     Faith    .   t - +3 plate armour
rPois    ∞         Spirit   .   (no helmet)
rElec    +         Reflect  .   (no cloak)
rCorr    .         Harm     .   (no gloves)
MR       .....     NoTele   +   (no boots)
Stlth    ..........             (no amulet)
HPRegen  0.25/turn              o - +3 ring of evasion
MPRegen  0.13/turn              q - +3 ring of evasion

@: berserk cooldown, starving, slowed, very slow
A: negative energy resistance 1, electricity resistance, unbreathing,
petrification resistance, rot immunity, AC +8
a: Berserk, Trog's Hand, Brothers in Arms, Burn Spellbooks, Renounce Religion


You were in the Dungeon.
You worshipped Trog.
Trog was extremely pleased with you.
You were starving.

You visited 1 branch You collected 27 gold pieces.

Inventory:

Hand Weapons
 b - a +2 battleaxe of draining
 j - a +2 hand axe
 m - a +1 hand axe of chopping
 n - the +4 hand axe "Yluhafro" {chop, rN+ MR+}
   (Trog gifted it to you in the Dungeon)

   It inflicts extra damage upon your enemies.
   It protects you from negative energy.
   It affects your resistance to hostile enchantments.
 s - a +1 broad axe of freezing
 u - a +2 antimagic war axe
 D - a +6 battleaxe of flaming (weapon)
Armour
 t - a +3 plate armour (worn)
Jewellery
 o - a +3 ring of evasion (left hand)
 q - a +3 ring of evasion (right hand)
 v - an uncursed ring of ice
 y - an uncursed ring of positive energy
 A - an uncursed ring of positive energy
Wands
 z - a wand of iceblast (10)
 C - a wand of acid (1)
Scrolls
 i - 3 scrolls of blinking
 k - 7 scrolls of remove curse
 l - a scroll of summoning
 w - a scroll of fear
 x - 2 scrolls of identify
Potions
 a - 2 potions of invisibility
 d - 8 potions of curing
 e - 9 potions of heal wounds
 f - 6 potions of haste
 g - 4 potions of magic
 h - 7 potions of berserk rage
 p - 3 potions of might
 r - a potion of brilliance
Comestibles
 c - 7 rations
 B - 2 chunks of flesh


   Skills:
 + Level 17.2 Fighting
 + Level 18.2 Axes
 + Level 10.4 Armour
 + Level 9.3 Dodging
 + Level 7.1 Stealth


You had 11 spell levels left.
You didn't know any spells.

Dungeon Overview and Level Annotations

Branches:
Dungeon (1/1)

Altars:
Ashenzari
Cheibriados
Dithmenos
Elyvilon
Fedhas
Gozag
Hepliaklqana
Kikubaaqudgha
Makhleb
Nemelex Xobeh
Okawaru
Qazlal
Ru
Sif Muna
Trog
Uskayaw
Vehumet
Wu Jian
Xom
Yredelemnul
Zin
The Shining One
Beogh
Jiyva
Lugonu

Annotations:
D Margery


Innate Abilities, Weirdness & Mutations

You are resistant to torment.
Your stone body is resilient. (AC +8)
You are immune to poison.
You resist negative energy. (rN+)
You are resistant to electric shocks. (rElec)
You can survive without breathing.
You are immune to petrification.
You are immune to rotting.


Message History

Your troll barely misses the blizzard demon. x2
Your troll misses the blizzard demon.
Okay, then.
You feel much better. The blizzard demon hits your troll.
The blizzard demon hits your troll!
The red devil hits your troll with a trident.
Your troll completely misses the blizzard demon.
Your troll claws the blizzard demon but does no damage.
Your troll misses the blizzard demon. Margery hits you but does no damage.
The hell knight casts a spell at you. Pain shoots through your body!
The necromancer hits you but does no damage.
The blizzard demon hits your troll. x2
Your troll closely misses the blizzard demon.
Your troll barely misses the blizzard demon.
Your troll claws the blizzard demon but does no damage.
Margery gestures at you while chanting. The bolt of fire hits you!
Ouch! That really hurt!
You die... ##........... #............ ............ ....4.M.... ...44p.. .T2pp

#p@#
#####@p#####
#....T.....#
#..........#
+..#....#..#
+....(.....#
#..(.......#
#..#....#..#
+...(......#
+..........#


You could see Margery, a blizzard demon, 4 hell knights, a mummy priest, a
hellwing, a necromancer, a chaos spawn, a red devil, a friendly iron troll
(berserk) and a friendly troll (berserk).

Vanquished Creatures
  A balrug (D)
  An ettin (D)
  Harold (D)
  A catoblepas (D)
  2 two-headed ogres (D)
  A death knight (D)
  A death yak (D)
  2 flayed ghosts (D)
  A lindwurm (D)
  4 harpies (D)
  A necromancer (D)
  An orc sorcerer (D)
  An eye of devastation (D)
  A smoke demon (D)
  A gargoyle (D)
  A freezing wraith (D)
  An efreet (D)
  A jumping spider (D)
  A red devil (D)
  A snapping turtle (D)
  A bog body (D)
  A polar bear (D)
  A redback (D)
  A shadow (D)
  2 ynoxinuls (D)
  2 steam dragons (D)
  A hungry ghost (D)
  Edmund (D)
  6 insubstantial wisps (D)
  A soldier ant (D)
  A floating eye (D)
  An ice beast (D)
  An orc warrior (D)
  A swamp drake (D)
  A necrophage (D)
  A crocodile (D)
  A gnoll shaman (D)
  2 orc priests (D)
  An orc wizard (D)
  An iron imp (D)
  A worker ant (D)
  2 mummies (D)
  A gnoll (D)
  An ufetubus (D)
  A leopard gecko (D)
  8 orcs (D)
  A bat (D)
  A giant cockroach (D)
  2 jackals (D)
  2 quokkas (D)
  A frilled lizard (D)
  A goblin (D)
  A quokka simulacrum (D)
  2 quokka skeletons (D)
78 creatures vanquished.

Vanquished Creatures (collateral kills)
  A stone giant (D)
  A deep elf high priest (D)
  A deep elf mage (D)
  A manticore (D)
  A tormentor (D)
  A freezing wraith (D)
  A jumping spider (D)
  3 vampire mosquitoes (D)
  4 hell hounds (D)
  2 porcupines (D)
  An eye of draining (D)
  5 killer bees (D)
  A crimson imp (D)
  A gnoll (D)
  An ooze (D)
  A giant cockroach zombie (D)
26 creatures vanquished.

Grand Total: 104 creatures vanquished

Notes
Turn   | Place    | Note
-------+----------+-------------------------------------------
     0 | D        | Fang the Gargoyle Berserker began the quest for the Orb.
     0 | D        | Reached XP level 1. HP: 14/14 MP: 1/1
    25 | D        | Reached skill level 3 in Axes
    67 | D        | Found a bloodstained altar of Trog.
    67 | D        | Found a deep blue altar of Sif Muna.
    67 | D        | Found a viscous altar of Jiyva.
    67 | D        | Found a hazy altar of Hepliaklqana.
    67 | D        | Found an opulent altar of Gozag.
    68 | D        | Found a glowing golden altar of the Shining One.
    68 | D        | Found a glowing silver altar of Zin.
    68 | D        | Found a basalt altar of Yredelemnul.
    68 | D        | Found a shimmering altar of Xom.
    68 | D        | Found an ornate altar of the Wu Jian Council.
    68 | D        | Found a sacrificial altar of Ru.
    68 | D        | Found a stormy altar of Qazlal.
    68 | D        | Found an iron altar of Okawaru.
    68 | D        | Found a sparkling altar of Nemelex Xobeh.
    68 | D        | Found a burning altar of Makhleb.
    68 | D        | Found a blossoming altar of Fedhas.
    68 | D        | Found a white marble altar of Elyvilon.
    68 | D        | Found a shadowy altar of Dithmenos.
    68 | D        | Found a snail-covered altar of Cheibriados.
    70 | D        | Found a radiant altar of Vehumet.
    70 | D        | Found a corrupted altar of Lugonu.
    70 | D        | Found a roughly hewn altar of Beogh.
    72 | D        | Found an ancient bone altar of Kikubaaqudgha.
    72 | D        | Found a hide-covered altar of Uskayaw.
    72 | D        | Found a shattered altar of Ashenzari.
   122 | D        | Reached ** piety under Trog
   435 | D        | Noticed a worker ant
   443 | D        | Killed a worker ant
   443 | D        | Reached skill level 5 in Fighting
   443 | D        | Reached skill level 4 in Axes
   443 | D        | Reached XP level 2. HP: 21/21 MP: 2/2
   443 | D        | Reached XP level 3. HP: 26/26 MP: 3/3
   502 | D        | Reached *** piety under Trog
   505 | D        | Noticed a floating eye
   507 | D        | Paralysed by a floating eye for 2 turns
   514 | D        | Killed a floating eye
   514 | D        | Reached skill level 6 in Axes
   514 | D        | Reached XP level 4. HP: 31/34 MP: 4/4
   514 | D        | Reached XP level 5. HP: 35/38 MP: 5/5
   571 | D        | Noticed an ice beast
   574 | D        | Reached **** piety under Trog
   579 | D        | Reached skill level 7 in Axes
   582 | D        | Reached ***** piety under Trog
   584 | D        | Received a gift from Trog
   588 | D        | Reached XP level 6. HP: 9/44 MP: 6/6
   590 | D        | Reached skill level 8 in Axes
   596 | D        | Killed an ice beast
   840 | D        | Reached skill level 9 in Axes
   953 | D        | Reached skill level 5 in Dodging
   953 | D        | Reached XP level 7. HP: 32/51 MP: 7/7
  1065 | D        | Noticed Edmund
  1078 | D        | Received a gift from Trog
  1092 | D        | Killed Edmund
  1092 | D        | Reached skill level 10 in Axes
  1198 | D        | Got an iridescent hand axe {god gift}
  1304 | D        | Identified the +4 hand axe "Yluhafro" {chop, rN+ MR+} (Trog gifted it to you in the Dungeon)
  1307 | D        | Noticed a steam dragon
  1307 | D        | Noticed a gargoyle
  1323 | D        | Killed a gargoyle
  1323 | D        | Reached skill level 10 in Fighting
  1323 | D        | Reached skill level 11 in Axes
  1323 | D        | Reached skill level 1 in Stealth
  1323 | D        | Reached XP level 8. HP: 38/58 MP: 8/8
  1709 | D        | Noticed a shadow
  1709 | D        | Noticed a polar bear
  1713 | D        | Killed a shadow
  1713 | D        | Reached skill level 12 in Axes
  1716 | D        | Killed a polar bear
  1763 | D        | Noticed a ynoxinul
  1763 | D        | Noticed a freezing wraith
  1763 | D        | Noticed a flayed ghost
  1770 | D        | Killed a flayed ghost
  1770 | D        | Reached XP level 9. HP: 64/64 MP: 9/9
  1771 | D        | Killed a freezing wraith
  1771 | D        | Reached skill level 13 in Axes
  1771 | D        | Received a gift from Trog
  1822 | D        | Noticed a jumping spider
  1832 | D        | Killed a jumping spider
  1832 | D        | Reached skill level 14 in Axes
  1836 | D        | Reached ****** piety under Trog
  1910 | D        | Noticed an orc sorcerer
  1913 | D        | Noticed a lindwurm
  1914 | D        | Received a gift from Trog
  1915 | D        | Killed an orc sorcerer
  1915 | D        | Reached XP level 10. HP: 72/72 MP: 10/10
  1920 | D        | Killed a lindwurm
  1920 | D        | Reached skill level 15 in Axes
  1930 | D        | Reached skill level 5 in Stealth
  2073 | D        | Noticed a smoke demon
  2074 | D        | Noticed a death knight
  2081 | D        | Killed a smoke demon
  2081 | D        | Reached skill level 5 in Armour
  2089 | D        | Received a gift from Trog
  2093 | D        | Killed a death knight
  2155 | D        | Noticed a manticore
  2156 | D        | Noticed a deep elf mage
  2160 | D        | Noticed a death yak
  2173 | D        | Killed a death yak
  2173 | D        | Reached skill level 16 in Axes
  2196 | D        | Received a gift from Trog
  2200 | D        | Reached XP level 11. HP: 71/80 MP: 3/11
  2201 | D        | Killed a manticore
  2203 | D        | Received a gift from Trog
  2204 | D        | Killed a deep elf mage
  2439 | D        | Found the +7 great mace "Undeadhunter" {disrupt, rN+}
  2507 | D        | Noticed a two-headed ogre
  2514 | D        | Killed a two-headed ogre
  2517 | D        | Noticed a flayed ghost
  2528 | D        | Killed a flayed ghost
  2528 | D        | Reached skill level 17 in Axes
  2716 | D        | Received a gift from Trog
  2716 | D        | Reached skill level 15 in Fighting
  3168 | D        | Noticed a catoblepas
  3173 | D        | Noticed Harold
  3178 | D        | Killed a catoblepas
  3185 | D        | Killed Harold
  3185 | D        | Received a gift from Trog
  3230 | D        | Noticed a two-headed ogre
  3230 | D        | Noticed a harpy
  3230 | D        | Noticed a harpy
  3230 | D        | Noticed a harpy
  3231 | D        | Noticed a harpy
  3237 | D        | Killed a two-headed ogre
  3238 | D        | Killed a harpy
  3238 | D        | Killed a harpy
  3239 | D        | Killed a harpy
  3240 | D        | Killed a harpy
  3240 | D        | Reached skill level 18 in Axes
  3240 | D        | Reached XP level 12. HP: 90/90 MP: 4/12
  3243 | D        | Received a gift from Trog
  3366 | D        | Noticed an ettin
  3366 | D        | Noticed a balrug
  3366 | D        | Noticed a deep elf high priest
  3367 | D        | Noticed a stone giant
  3373 | D        | Killed a deep elf high priest
  3377 | D        | Killed a stone giant
  3377 | D        | Reached skill level 10 in Armour
  3378 | D        | Killed an ettin
  3382 | D        | Noticed a hell knight
  3382 | D        | Killed a balrug
  3382 | D        | Received a gift from Trog
  3383 | D        | Noticed Margery
  3383 | D        | Noticed a blizzard demon
  3384 | D        | Noticed a mummy priest
  3391 | D        | Killed from afar by Margery

Skill      XL: |  1  2  3  4  5  6  7  8  9 10 11 12 |
---------------+-------------------------------------+-----
Axes           | 4 6 7 9 11 12 14 16 18 | 18.2
Fighting       | 5 7 8 9 10 11 12 14 16 17 | 17.2
Armour         | 3 4 6 9 10 | 10.4
Dodging        | 2 3 4 5 6 7 8 9 |  9.3
Stealth        | 1 3 4 6 7 |  7.1

Action                   |  1- 3 |  4- 6 |  7- 9 | 10-12 || total
-------------------------+-------+-------+-------+-------++-------
Melee: Hand axe          |    46 |    27 |    80 |    42 ||   195
       War axe           |       |       |       |   109 ||   109
       Battleaxe         |       |       |       |     9 ||     9
Invok: Berserk           |     2 |     1 |     6 |     6 ||    15
       Brothers in Arms  |       |       |     1 |     7 ||     8
  Use: Potion            |       |       |       |     3 ||     3
 Stab: Petrifying        |       |       |       |     1 ||     1
  Eat: Chunk             |       |     3 |     3 |     3 ||     9
       Ration            |       |       |     2 |     2 ||     4
Armor: Animal skin       |     9 |     5 |     5 |       ||    19
       Skin              |       |       |     2 |       ||     2
       Plate armour      |       |       |    15 |   126 ||   141
Dodge: Dodged            |    25 |     9 |    31 |   103 ||   168
